 Dungeon Crawl Stone Soup version 0.31-a0-889-g1a8549509d (webtiles) character file.

Game seed: 4828633527442165712

2464 retardedninja the Firebug (level 9, -4/82 HPs)
             Began as a Gargoyle Fire Elementalist on Oct 12, 2023.
             Was a Follower of Vehumet.
             Slain by a yak (8 damage)
             ... on level 11 of the Dungeon on Oct 16, 2023.
             The game lasted 00:15:02 (10561 turns).

retardedninja the Firebug (GrFE)                   Turns: 10561, Time: 00:15:03

Health: -4/82      AC: 20    Str: 11 (14) XL:     9   Next: 50%
Magic:  17/17      EV:  2    Int: 18 (21) God:    Vehumet [*.....]
Gold:   414        SH:  0    Dex:  9 (10) Spells: 11/18 levels left

rFire   . . .        D - +10 whip "Dragon's Tongue" {freeze, rElec rPois rCorr Str+3}
rCold   . . .        (no shield)
rNeg    + . .        a - melded +0 robe
rPois   ∞            (helmet currently unavailable)
rElec   +            o - melded +0 cloak
rCorr   +            t - melded +2 pair of gloves
SInv    .            (boots currently unavailable)
Will    .....        (no amulet) Stlth
                     (no ring)
HPRegen 0.33/turn    (no ring)
MPRegen 0.15/turn

%: no passive effects
@: confused, tree-form, silenced, ambrosia-drunk, corroded, studying Ranged
Weapons, invisible
A: stationary, stasis, torment immunity, boosted hp, sickness immunity, AC +6,
negative energy resistance 1, (electricity resistance), torment resistance 1,
petrification resistance
a: Renounce Religion


You were on level 11 of the Dungeon.
You worshipped Vehumet.
Vehumet was aware of your devotion.
You were a tree.
You visited 2 branches of the dungeon, and saw 10 of its levels.

You collected 414 gold pieces.

Inventory:

Hand Weapons
 D - the +10 whip "Dragon's Tongue" (weapon) {freeze, rElec rPois rCorr Str+3}
   (You found it on level 6 of the Dungeon)

   Str+3:     It affects your strength (+3).
   rElec:     It insulates you from electricity.
   rPois:     It protects you from poison rCorr: It protects you from acid and
   corrosion.
Armour
 a - a +0 robe (melded)
 o - a +0 cloak (melded)
 t - a +2 pair of gloves (melded)
Jewellery
 g - a ring of magical power
 y - an amulet of guardian spirit
 C - a ring of resist corrosion
Talismans
 n - a serpent talisman
 q - a beast talisman
Wands
 u - a wand of polymorph (9)
 v - a wand of iceblast (1)
Scrolls
 d - 2 scrolls of teleportation
 h - a scroll of torment
 j - 2 scrolls of fog
 x - a scroll of vulnerability {unknown}
Potions
 b - a potion of magic
 c - 3 potions of attraction
 e - 2 potions of heal wounds
 i - a potion of haste {unknown}
 l - a potion of experience {unknown}
 p - a potion of berserk rage {unknown}
 s - a potion of mutation {unknown}
 B - a potion of brilliance {unknown}


   Skills:
 + Level 5.9 Fighting
 - Level 1.5 Dodging
 - Level 2.2 Stealth
 + Level 5.4 Spellcasting
 + Level 6.1 Conjurations
 + Level 6.3 Fire Magic
 + Level 4.4 Air Magic


You had 11 spell levels left.
You knew the following spells:

 Your Spells              Type           Power      Damage    Failure   Level
a - Foxfire               Conj/Fire      100%       2x1d9     1%          1
b - Scorch                Fire           54%        2d7       1%          2
c - Flame Wave            Conj/Fire      27%        2d9       10%         4

Your spell library contained the following spells:

 Spells                   Type           Power      Damage    Failure   Level
 Sandblast                Erth           8%         2d5       13%         1
 Kiss of Death            Conj/Necr      64%        2d10      3%          1
 Swiftness                Air            21%        N/A       6%          3
 Inner Flame              Hex/Fire       16%        N/A       11%         3
 Volatile Blastmotes      Fire/Tloc      32%        2d12      11%         3
 Blink                    Tloc           8%         N/A       19%         2
 Ensorcelled Hibernation  Hex/Ice        8%         N/A       19%         2
 Passwall                 Tmut/Erth      3%         N/A       19%         2
 Wereblood                Tmut           4%         N/A       19%         2
 Confusing Touch          Hex            4%         N/A       36%         3
 Gell's Gravitas          Tloc           4%         N/A       36%         3
 Teleport Other           Tloc           4%         N/A       36%         3
 Irradiate                Conj/Tmut      8%         3d14      69%         5
 Dispel Undead            Necr           4%         3d7       77%         4
 Manifold Assault         Tloc           4%         N/A       77%         4
 Dispersal                Tloc           2%         N/A       100%        6


Dungeon Overview and Level Annotations

Branches:
Dungeon (8/15)             Temple (1/1) D:6             Orc (0/2) D:11
   Lair: D:8-11

Altars:
Cheibriados
Dithmenos
Elyvilon
Fedhas
Gozag
Hepliaklqana
Kikubaaqudgha
Makhleb
Nemelex Xobeh
Okawaru
Qazlal
Ru
Trog
Uskayaw
Vehumet
Xom
Yredelemnul
Zin
The Shining One


Innate Abilities, Weirdness & Mutations

You are a tree.
Your roots penetrate the ground, keeping you stationary.
You cannot be teleported.
You are immune to unholy pain and torment.
Your maximum health is greatly increased.
Your equipment is partially melded.
You are immune to sickness and miasma.
((Your stone body is resilient. (AC +6)))
You are immune to poison.
You resist negative energy. (rN+)
((You are resistant to electric shocks. (rElec)))
You are resistant to unholy torment.
You are immune to petrification.


Message History

* * * LOW HITPOINT WARNING * * *
The yak barely misses you.
You feel much better.
The acid dragon bites you but does no damage.
The acid dragon claws you but does no damage.
The yak gores you but does no damage. x3
Unknown command.
The acid dragon spits acid at you. The splash of acid hits you. You resist.
The yak gores you.
* * * LOW HITPOINT WARNING * * *
The gnoll sergeant hits you but does no damage.
The yak gores you but does no damage. x2
A kobold brigand comes into view.
It is wielding a +0 short sword and quivering poisoned darts.
The acid dragon bites you but does no damage.
The acid dragon claws you but does no damage.
The yak barely misses you.
The gnoll sergeant hits you but does no damage.
The yak gores you.
* * * LOW HITPOINT WARNING * * *
The yak gores you but does no damage. The acid dragon spits acid at you.
The splash of acid hits you. You resist.
* * * LOW HITPOINT WARNING * * *
The yak gores you.
* * * LOW HITPOINT WARNING * * *
The gnoll sergeant hits you from afar with a +1 spear of venom.
* * * LOW HITPOINT WARNING * * *
The yak gores you.
* * * LOW HITPOINT WARNING * * *
The yak gores you but does no damage.
You are confused.
You feel invigorated. The acid dragon bites you!
* * * LOW HITPOINT WARNING * * *
The acid dragon claws you but does no damage.
The yak gores you but does no damage. The gnoll hits you but does no damage.
The gnoll sergeant hits you but does no damage.
The yak gores you.
* * * LOW HITPOINT WARNING * * *
The yak gores you!
You die...

,,,*,,,,*,,,,,................#..
,,,*,,,,*,****#...............#..
,,,*,,,,*,* #.......D.......#..
<,,***+**,* #...............#..
,,,,,,,,,,* #..K.../...g....###
,,,,,,,,,,* #..####............
,,,,,,,,,,* #gg#,,#...g........
,,^,,,,,,.#####§D#,,#............
,,,,,,,,,.....§Y♣#,,#.....g......
,,,,,,,,,...§.§YY#,,####..g......
,,,,,,,,,...§§§§Y#,,,,,#.....####
,,,******##+#.§§§#,,,,,*,,,,,*
,,,*,,,,,<,,#..###,,,,,*,,,,,*
,,,*,,,,,,,,#..+,,,,,,,*,,,,,*
,,,*,,<,,,,,#..*,,,,,,,*,,,,,*
,,,*,,,,,,,,+.#*,,,,,,,*,,,,,*
,,,*,,,,,,,,#.*,,,,,,,,*,,,,,*


You could see 4 yaks, an acid dragon (unsilenced, unable to see you, catching
breath), a kobold brigand (wandering, unable to see you), a gnoll sergeant
(unable to see you) and a gnoll (unable to see you).

Vanquished Creatures
  Grinder (D:6)
  Sigmund (D:2)
  A steam dragon (D:6)
  A water moccasin (D:6)
  An ice beast (D:3)
  An orc warrior (D:8)
  A black bear (D:7)
  A sky beast (D:6)
  3 centaurs
  An ogre (D:5)
  2 bullfrogs
  2 scorpions (D:5)
  3 wights (D:8)
  2 jellies
  4 orc priests
  A gnoll bouda (D:6)
  4 hounds
  2 sleepcaps
  7 orc wizards
  4 gnolls (D:6)
  6 adders
  2 white imps (D:7)
  2 dart slugs (D:5)
  A worm (D:2)
  23 orcs
  8 ball pythons
  7 endoplasms
  2 giant cockroaches
  4 goblins
  5 hobgoblins
  2 jackals (D:1)
  5 quokkas
  4 bats
  A frilled lizard (D:2)
  9 kobolds
  10 rats
134 creatures vanquished.

Vanquished Creatures (collateral kills)
  4 foxfires (D:4)
4 creatures vanquished.

Vanquished Creatures (others)
  488 foxfires
488 creatures vanquished.

Grand Total: 626 creatures vanquished

Notes
Turn   | Place    | Note
-------+----------+-------------------------------------------
     0 | D:1      | retardedninja the Gargoyle Fire Elementalist began the
                  | quest for the Orb.
     0 | D:1      | Reached XP level 1. HP: 10/10 MP: 3/3
   485 | D:1      | Reached XP level 2. HP: 15/16 MP: 3/5
   679 | D:1      | Found a faded altar of an unknown god.
  1577 | D:2      | Reached skill level 1 in Fighting
  1577 | D:2      | Reached XP level 3. HP: 10/20 MP: 1/6
  2123 | D:2      | Noticed Sigmund
  2127 | D:2      | Learned a level 2 spell: Scorch
  2139 | D:2      | Killed Sigmund
  2140 | D:2      | Reached skill level 1 in Air Magic
  2140 | D:2      | Reached XP level 4. HP: 8/27 MP: 0/8
  2140 | D:2      | Reached XP level 5. HP: 9/31 MP: 0/9
  2998 | D:3      | Reached XP level 6. HP: 18/36 MP: 6/10
  3301 | D:3      | Noticed an ice beast
  3311 | D:3      | Killed an ice beast
  3978 | D:3      | Found a radiant altar of Vehumet.
  4059 | D:3      | Became a worshipper of Vehumet
  4704 | D:4      | Found a hazy altar of Hepliaklqana.
  4764 | D:4      | Upgraded the game from 0.31-a0-875-g02e7d12df6 to
                  | 0.31-a0-889-g1a8549509d
  5201 | D:5      | Entered Level 5 of the Dungeon
  5210 | D:5      | Reached XP level 7. HP: 34/41 MP: 1/12
  6150 | D:5      | Found a sacrificial altar of Ru.
  6886 | D:6      | Noticed a steam dragon
  6893 | D:5      | Reached XP level 8. HP: 31/48 MP: 9/14
  7185 | D:5      | Reached skill level 5 in Fire Magic
  7600 | D:6      | Reached skill level 5 in Conjurations
  7863 | D:6      | Found a staircase to the Ecumenical Temple.
  7922 | D:6      | Noticed Grinder
  7930 | D:6      | Paralysed by Grinder for 2 turns
  7936 | D:6      | Paralysed by Grinder for 4 turns
  7947 | D:6      | Paralysed by Grinder for 5 turns
  7952 | D:6      | Killed Grinder
  7953 | D:6      | Reached skill level 5 in Fighting
  8052 | D:6      | Reached XP level 9. HP: 46/54 MP: 5/16
  8292 | D:6      | Identified the +10 whip "Dragon's Tongue" {freeze, rElec
                  | rPois rCorr Str+3}
  8339 | D:6      | Reached skill level 5 in Spellcasting
  8448 | Temple   | Entered the Ecumenical Temple
  8514 | D:7      | Learned a level 4 spell: Flame Wave
  8628 | D:7      | Reached * piety under Vehumet
  8628 | D:7      | Offered knowledge of Sandblast by Vehumet.
  8713 | D:7      | Found a stormy altar of Qazlal.
  9936 | D:8      | Found a glowing silver altar of Zin.
 10529 | D:8      | You fall into a shaft and drop 3 floors!
 10554 | D:11     | HP: 3/82 [yak (6)]
 10561 | D:11     | HP: 4/82 [yak (4)]
 10561 | D:11     | Slain by a yak

Illustrated notes

Levels and vault maps discovered:
D:1:      elethiomel_arrival_quiet, layout_loops_ring,
          hellmonk_ecumenical_altar_prayer_group, st_stairs_14
D:2:      minmay_chambers_of_ones, layout_basic, uniq_sigmund
D:3:      layout_loops_ring, nicolae_vehumet_radiance, serial_rivers,
          chequers_serial_rivers_marsh, chequers_serial_rivers_large_a,
          chequers_serial_rivers_micro_c, chequers_serial_rivers_marsh,
          chequers_serial_rivers_small_3
D:4:      layout_rooms, nicolae_hepliaklqana_hazy_memory
D:5:      layout_gridville, mainiacjoe_overflow_paths, minmay_manual_mares
D:6:      layout_cave_pools, minmay_temple_entry_stoned_glass, uniq_grinder
D:7:      layout_rooms, amcnicky_altar_gilded, nicolae_underground_beach
D:8:      layout_basic, zin_statuary, kennysheep_generic_room_11
D:11:     layout_irregular_city, orc_0_dummy, palyth_stone_intersect,
          uniq_harold
Temple:   nicolae_temple_ecumenical_triangle

Skill      XL: |  1  2  3  4  5  6  7  8  9 |
---------------+----------------------------+-----
Fighting       | 1 2 3 4 5 |  5.9
Conjurations   | 2 3 4 5 6 |  6.1
Air Magic      | 1 2 3 4 |  4.4
Spellcasting   | 3 4 5 |  5.4
Fire Magic     | 4 5 6 |  6.3
Dodging        | |  1.5
Stealth        | |  2.2

Action                     |  1- 3 |  4- 6 |  7- 9 || total
---------------------------+-------+-------+-------++-------
  Melee: Unarmed           |    17 |       |       ||    17
         Flail             |    11 |       |       ||    11
         Halberd           |       |     2 |     6 ||     8
         Whip              |       |       |     3 ||     3
   Cast: Foxfire           |    80 |   111 |   117 ||   308
         Scorch            |     3 |    10 |    39 ||    52
         Flame Wave        |       |       |     6 ||     6
  Evoke: Wand              |       |       |     8 ||     8
    Use: Scroll            |       |     1 |    11 ||    12
         Potion            |       |       |    11 ||    11
 Armour: Robe              |    41 |    18 |   152 ||   211
         Skin              |       |       |    41 ||    41
  Dodge: Dodged            |    32 |    13 |    84 ||   129

Table legend: (Time is in decaauts)
 A = Elapsed time spent in this place.
 B = Non-inter-level travel time spent in this place.
 C = Inter-level travel time spent in this place.
 D = Time resting spent in this place.
 E = Time spent auto-exploring this place.
 F = Levels seen in this place.
 G = Mean time per level.
                   A        B        C        D        E       F      G
               +--------+--------+--------+--------+--------+-----+--------+
         Total |  10599 |  10380 |    219 |   2673 |   6351 |  10 | 1059.9 |
       Dungeon |  10597 |  10378 |    219 |   2673 |   6351 |   9 | 1177.4 |
        Temple |      1 |      1 |      0 |      0 |      0 |   1 |    1.0 |
               +--------+--------+--------+--------+--------+-----+--------+

Top non-repeatable levels by time:
     D:5: 1956 daAuts
     D:2: 1921 daAuts
     D:3: 1444 daAuts
     D:1: 1342 daAuts
     D:7: 1244 daAuts
     D:6: 937 daAuts
     D:4: 888 daAuts
     D:8: 831 daAuts
    D:11: 31 daAuts
  Temple: 1 daAuts
